 Dungeon Crawl Stone Soup version 0.20-a0-277-g7db01f4 (webtiles) character file.

2 esc the Vexing (level 1, -2/20 HPs)
             Began as an Ogre Arcane Marksman on Dec 11, 2016.
             Slain by a rat (3 damage)
             ... on level 1 of the Dungeon.
             The game lasted 00:00:31 (72 turns).

esc the Vexing (Ogre Arcane Marksman)                 Turns: 72, Time: 00:00:31

Health: -2/20      AC:  3    Str: 15    XL:     1   Next: 40%
Magic:  2/2        EV: 10    Int: 12    God:
Gold:   0          SH:  0    Dex:  9    Spells: 1/2 levels left

rFire  . . .     SeeInvis .     e - -1 short sword (curse)
rCold  . . .     Gourm    .     a - +0 robe
rNeg   . . .     Faith    .     (no shield)
rPois  .         Spirit   .     (helmet restricted)
rElec  .         Reflect  .     (no cloak)
rCorr  .         Harm     .     (gloves unavailable)
MR     .....                    (boots unavailable)
Stlth  +.........               (no amulet)
                                (no ring)
                                (no ring)

@: no status effects
A: unfitting armour, tough skin 1
a: no special abilities


You were on level 1 of the Dungeon.
You were not hungry.

You visited 1 branch of the dungeon, and saw 1 of its levels.

Inventory:

Hand Weapons
 e - a cursed -1 short sword (weapon)
   (You took it off a kobold on level 1 of the Dungeon)
Missiles
 c - 3 large rocks (quivered) {!d}
 d - 2 throwing nets {=f, !d}
Armour
 a - a +0 robe (worn)
Scrolls
 i - a scroll of random uselessness {unknown}
Potions
 g - a potion of lignification {unknown}
 h - a potion of degeneration {unknown}
Books
 b - a book of Debilitation
Comestibles
 f - a bread ration {@e1}
 j - a chunk of flesh {@w0}


   Skills:
 + Level 1.7 Fighting
 + Level 2.0 Throwing
 + Level 1.9 Dodging
 - Level 1.2 Spellcasting
 - Level 2.1 Hexes


You had one spell level left.
You knew the following spells:

 Your Spells              Type           Power        Failure   Level  Hunger
v - Corona                Hex            #......      14%         1    ##.....


Dungeon Overview and Level Annotations

Branches:
Dungeon (1/15)

Altars:


Innate Abilities, Weirdness & Mutations

You are too large for most types of armour.
You have tough skin. (AC +1)


Message History

Welcome, esc the Ogre Arcane Marksman.
The bosom of this dungeon contains the fabled artefact, the Orb of Zot.
Found 27 bolts.
Found a staircase leading out of the dungeon.
A kobold comes into view. It is wielding a short sword.
Found a scroll labeled POENEY ESAPP, 21 arrows and an inky potion.
Found a stone staircase leading down.
You hit the kobold.
You kill the kobold!
e - a short sword You see here a kobold corpse.
Wield which item (- for none, * to show all)? (? for menu, Esc to quit)
It sticks to your hand!
e - a cursed -1 short sword (weapon)
g - an inky potion You see here a kobold corpse.
You butcher the kobold corpse.
You see here an inedible chunk of flesh {@w0}.
You see here 27 bolts.
h - a lumpy cyan potion
i - a scroll labeled POENEY ESAPP You see here 27 bolts.
A leopard gecko comes into view.
The leopard gecko hisses angrily.
The leopard gecko moves out of view.
A leopard gecko is nearby!
The leopard gecko bites you.
You take 1 damage, and have 18/19 hp.
You barely miss the leopard gecko. The leopard gecko misses you.
You barely miss the leopard gecko. The leopard gecko closely misses you.
You barely miss the leopard gecko. The leopard gecko barely misses you.
The leopard gecko bites you but does no damage.
You barely miss the leopard gecko. The leopard gecko bites you.
You take 3 damage, and have 15/19 hp.
You barely miss the leopard gecko. The leopard gecko bites you.
You take 2 damage, and have 13/19 hp.
You closely miss the leopard gecko.
The leopard gecko closely misses you. x2
You closely miss the leopard gecko. The leopard gecko misses you.
You closely miss the leopard gecko. The leopard gecko bites you. x2
You take 4 damage, and have 9/19 hp.
MASSIVE DAMAGE!!
You barely miss the leopard gecko. The leopard gecko bites you.
You take 3 damage, and have 6/19 hp.
You hit the leopard gecko but do no damage.
The leopard gecko barely misses you.
You closely miss the leopard gecko. The leopard gecko misses you.
The leopard gecko bites you.
* * * LOW HITPOINT WARNING * * *
You take 3 damage, and have 3/19 hp.
Aim: a leopard gecko (clinging)
You throw a large rock {!d}.
The large rock {!d} misses the leopard gecko.
The leopard gecko bites you.
* * * LOW HITPOINT WARNING * * *
The leopard gecko bites you but does no damage.
You take 2 damage, and have 1/19 hp.
Aim: a leopard gecko (clinging)
You throw a large rock {!d}.
The large rock {!d} hits the leopard gecko!!
You kill the leopard gecko!
c - 3 large rocks {!d} (gained 1)
You see here a leopard gecko corpse.
You butcher the leopard gecko corpse.
j - a chunk of flesh {@w0} A rat comes into view.
A rat is nearby!
You start resting.
You hit the rat. The rat bites you.
* * * LOW HITPOINT WARNING * * *
You take 1 damage, and have 1/20 hp.
You barely miss the rat. The rat bites you.
You die...

#######.. ..##........
........####.##........
..............+........
##.....#....#........
##.#r####..#........
####.####...........
##!....#.##..........
#.........#r#%.......
.......###..#@.##+#####
.....## ##...(......#
.#.#. ###..........#
#...####...#........#
###...#...##......(.#
#.....##........#
#..<.###....>.....#
##...# #.########.#
....## #.. #


You could see a rat.

Vanquished Creatures
  A leopard gecko (D:1)
  A kobold (D:1)
2 creatures vanquished.

Notes
Turn   | Place    | Note
-------+----------+-------------------------------------------
     0 | D:1      | esc the Ogre Arcane Marksman began the quest for the Orb.
     0 | D:1      | Reached XP level 1. HP: 19/19 MP: 2/2
    47 | D:1      | HP: 3/19 [leopard gecko (3)]
    48 | D:1      | HP: 1/19 [leopard gecko (3)]
    71 | D:1      | HP: 1/20 [rat (1)]
    72 | D:1      | Slain by a rat

Vault maps used:
D:1:      dpeg_arrival_arbitrary_b

Action                   || total
-------------------------++-------
Melee: Short sword       ||    13
       Unarmed           ||     1
Throw: Large rock        ||     2
Armor: Robe              ||     2
Dodge: Dodged            ||     8

Vault maps used:
D:1:      dpeg_arrival_arbitrary_b

Table legend:
 A = Turns spent in this place as a percentage of turns spent in the entire game.
 B = Non-inter-level travel turns spent in this place as a percentage of non-inter-level travel turns spent in the entire game.
 C = Inter-level travel turns spent in this place as a percentage of turns spent in this place.
 D = Turns resting spent in this place as a percentage of non-inter-level travel turns spent in this place.
 E = Turns spent auto-exploring this place as a percentage of non-inter-level travel turns spent in this place.
 F = Non-inter-level travel turns spent in this place divided by the number of levels of this place that you've seen.
                   A       B       C       D       E      F
               +-------+-------+-------+-------+-------+----------------------
         Total | 100.0 | 100.0 |   0.0 |   4.0 |  12.0 |  50.0
       Dungeon | 100.0 | 100.0 |   0.0 |   4.0 |  12.0 |  50.0
               +-------+-------+-------+-------+-------+----------------------

Table legend:
 A = Kills in this place as a percentage of kills in entire the game.
 B = Kills by you in this place as a percentage of kills by you in the entire game.
 C = Kills by friends in this place as a percentage of kills by friends in the entire game.
 D = Other kills in this place as a percentage of other kills in the entire game.
 E = Experience gained in this place as a percentage of experience gained in the entire game.
 F = Experience gained in this place divided by the number of levels of this place that you have seen.
                   A       B       C       D       E      F
               +-------+-------+-------+-------+-------+----------------------
         Total | 100.0 | 100.0 |  -nan |  -nan | 100.0 |   4.0
       Dungeon | 100.0 | 100.0 |  -nan |  -nan | 100.0 |   4.0
               +-------+-------+-------+-------+-------+----------------------
